 Dungeon Crawl Stone Soup version 0.17.0-9-g801d43b (webtiles) character file.

664 shklvsk the Conjurer (level 7, -1/52 HPs)
             Began as a Pale Draconian Venom Mage on Nov 9, 2015.
             Was an Initiate of Fedhas.
             Slain by a giant frog (8 damage)
             ... on level 5 of the Dungeon.
             The game lasted 00:21:20 (5852 turns).

shklvsk the Conjurer (Pale Draconian Venom Mage)    Turns: 5852, Time: 00:21:20

Health: -1/52      AC: 15    Str: 11    XL:     7   Next: 31%
Magic:  0/10       EV: 13    Int: 17    God:    Fedhas [......]
Gold:   213        SH:  0    Dex: 13    Spells: 3 memorised, 4 levels left

rFire  . . .     SeeInvis .     t - +2 mace (protect)
rCold  . . .     Clarity  .     (armour unavailable)
rNeg   . . .     SustAt   .     (no shield)
rPois  .         Gourm    .     (helmet restricted)
rElec  .         Spirit   .     C - +1 cloak
rCorr  .         Warding  .     s - +1 pair of gloves
rMut   .         Stasis   .     (no boots)
MR     .....                    (no amulet)
Stlth  ++........               (no ring)
                                B - +2 ring of dexterity

@: lethally poisoned (-1 -> -2), very slightly contaminated, not resistant to
hostile enchantments, unstealthy
A: breathe steam, unfitting armour, cold-blooded, AC +6
a: Breathe Steam, Renounce Religion


You were on level 5 of the Dungeon.
You worshipped Fedhas.
Fedhas was noncommittal.
You were not hungry.

You visited 1 branch of the dungeon, and saw 6 of its levels.

You collected 213 gold pieces.

Inventory:

Hand Weapons
 t - a +2 mace of protection (weapon)
 D - a cursed +0 long sword
Missiles
 h - 48 sling bullets
 k - 7 poisoned needles
 l - 130 stones (quivered)
Armour
 s - a +1 pair of gloves (worn)
 C - a +1 cloak (worn)
Jewellery
 B - a +2 ring of dexterity (left hand)
Scrolls
 e - a scroll of identify
 j - a scroll of enchant weapon
 m - a scroll of remove curse
 y - a scroll of amnesia {unknown}
 F - a scroll of summoning {unknown}
Potions
 c - a potion of agility {unknown}
 d - a potion of curing
 g - 2 potions of heal wounds {unknown}
 r - a potion of brilliance {unknown}
 u - a potion of lignification {unknown}
 w - a potion of haste {unknown}
 z - a potion of cure mutation {unknown}
 A - a potion of poison {unknown}
 H - a potion of berserk rage {unknown}
 I - a potion of magic {unknown}
Books
 a - a Young Poisoner's Handbook

   Spells                             Type                      Level
   a - Sting                          Conjuration/Poison           1
   b - Cure Poison                    Poison                       2
   c - Mephitic Cloud                 Conjuration/Poison/Air       3
   d - Olgreb's Toxic Radiance        Poison                       4
   e - Venom Bolt                     Conjuration/Poison           5
Comestibles
 b - a bread ration
 o - 2 meat rations
 p - a slice of pizza
 E - 2 fruits


   Skills:
 - Level 1.5 Fighting
 + Level 3.0 Maces & Flails
   Level 0.4 Polearms
 - Level 3.6 Dodging
 + Level 4.0 Stealth
 - Level 2.0 Spellcasting
 * Level 4.5 Conjurations
 - Level 4.0 Poison Magic


You had 4 spell levels left.
You knew the following spells:

 Your Spells              Type           Power        Failure   Level  Hunger
a - Sting                 Conj/Pois      ###.         3%          1    #......
b - Cure Poison           Pois           ###.......   6%          2    ###....
c - Mephitic Cloud        Conj/Pois/Air  ##......     21%         3    ###....


Dungeon Overview and Level Annotations

Branches:
Dungeon (6/15)
 Temple: D:4-7

Altars:
Fedhas

Annotations:
D:3 Grinder
D:5 Dirtsage's ghost, amateur HEFE
D:6 Dowan; Duvessa; Menkaure


Innate Abilities, Weirdness & Mutations

You can breathe blasts of scalding, opaque steam.
Your pale cyan-grey scales are hard (AC +6).
Your body does not fit into most forms of armour.
You are cold-blooded and may be slowed by cold attacks.


Message History

The giant frog gives a loud, deep croak!
Casting: Sting
Confirm with . or Enter, or press ? or * to list all spells.
Aiming: Mephitic Cloud
Press: ? - help, Shift-Dir - straight line, f - giant frog
Aim: a giant frog You miscast Mephitic Cloud.
You are very lightly contaminated with residual magic.
Sparks fly from your hands!
You feel sick.
Casting: Mephitic Cloud
Confirm with . or Enter, or press ? or * to list all spells.
Aiming: Sting
Press: ? - help, Shift-Dir - straight line, f/p - giant frog
Aim: a giant frog The sting hits the giant frog.
The giant frog is poisoned.
The giant frog is moderately wounded.
The giant frog closely misses you. The giant frog hits you!
You die...
Fedhas appreciates your contribution to the ecosystem.

P_PP.#......###.##############
PP.P.#........c.##...........#
PPPP.#.._....#***#.#.##....#.####
.....#..(....# #.#........>....
#..###.......# #.#.......#.####
...# ###.....# #.#.##....#.# ...#
#.....# #...........####
...#######...#######.......#.....
.............%.F@...##.a####a<...
......(......†.......#..#........
...............(.....#..#.##.....
...#####.#....######(.(..........
#.## #.#....# #.##.#.####### ..#
#.#....# #.##.#.### ### #.#....#
#.##.....# ########.#....#
#......#<# ..............#
#.####.#.#


You could see a giant frog.

Vanquished Creatures
  A sky beast (D:5)
  2 scorpions
  An orc priest (D:4)
  2 orc wizards (D:4)
  A hound (D:4)
  2 iguanas (D:5)
  Terence (D:3)
  4 worker ants
  A hound skeleton (D:5)
  6 adders
  A shadow imp (D:5)
  2 oozes
  An adder skeleton (D:4)
  2 worms
  7 giant geckos
  7 orcs
  2 ball pythons
  6 bats
  8 hobgoblins
  4 jackals (D:2)
  5 kobolds
  2 quokkas
  9 giant cockroaches
  A giant cockroach zombie (D:5)
  4 giant newts
  7 goblins (D:1)
  A quokka skeleton (D:5)
  7 rats
97 creatures vanquished.

Notes
Turn   | Place    | Note
--------------------------------------------------------------
     0 | D:1      | shklvsk the Draconian Venom Mage began the quest for the Orb.
     0 | D:1      | Reached XP level 1. HP: 14/14 MP: 3/3
   689 | D:1      | Reached XP level 2. HP: 20/20 MP: 0/5
   745 | D:1      | Learned a level 2 spell: Cure Poison
  1550 | D:2      | Reached skill level 1 in Conjurations
  1550 | D:2      | Reached XP level 3. HP: 12/27 MP: 4/6
  2426 | D:3      | Reached XP level 4. HP: 30/34 MP: 3/7
  2503 | D:3      | Noticed Terence
  2532 | D:3      | Killed Terence
  2532 | D:3      | Reached skill level 1 in Fighting
  2836 | D:3      | Noticed Grinder
  3159 | D:3      | Reached XP level 5. HP: 40/40 MP: 5/8
  3164 | D:3      | Learned a level 3 spell: Mephitic Cloud
  3375 | D:4      | Reached skill level 1 in Maces & Flails
  3580 | D:4      | Reached XP level 6. HP: 30/47 MP: 3/9
  4419 | D:5      | Entered Level 5 of the Dungeon
  4759 | D:5      | Your scales start taking on a pale cyan-grey colour.
  4759 | D:5      | Reached XP level 7. HP: 30/52 MP: 6/10
  4964 | D:5      | Noticed Dirtsage's ghost (amateur HEFE)
  5113 | D:5      | Found a blossoming altar of Fedhas.
  5164 | D:5      | Found a blossoming altar of Fedhas.
  5180 | D:5      | Became a worshipper of Fedhas Madash
  5473 | D:6      | Noticed Menkaure
  5554 | D:6      | Noticed Duvessa
  5555 | D:6      | Noticed Dowan
  5852 | D:5      | Slain by a giant frog

Action                   |  1- 3 |  4- 6 |  7- 9 || total
-------------------------+-------+-------+-------++-------
Melee: Unarmed           |    39 |       |       ||    39
       Spear             |   148 |       |       ||   148
       Mace              |    15 |   178 |    34 ||   227
Throw: Stone             |       |     4 |     1 ||     5
 Cast: Sting             |    27 |    51 |    13 ||    91
       Cure Poison       |     1 |     3 |     1 ||     5
       Mephitic Cloud    |       |       |     1 ||     1
  Use: Scroll            |       |     3 |     7 ||    10
       Potion            |       |       |     2 ||     2
 Stab: Sleeping          |     6 |     6 |       ||    12
  Eat: Chunk             |     6 |     5 |       ||    11
       Beef jerky        |       |     2 |       ||     2
       Bread ration      |       |       |     1 ||     1
       Pizza             |       |       |     1 ||     1
